 Dungeon Crawl Stone Soup version 0.22-a0-430-g6609fc6 (webtiles) character file.

5866 MisterFreud the Martial Artist (level 10, -15/58 HPs)
             Began as an Octopode Transmuter on May 26, 2018.
             Was an Elder of Cheibriados.
             Demolished by Gastronok (37 damage)
             ... on level 9 of the Dungeon.
             The game lasted 00:26:58 (10493 turns).

MisterFreud the Martial Artist (OpTm)              Turns: 10493, Time: 00:26:58

Health: -15/58     AC:  2    Str: 19    XL:     10   Next: 81%
Magic:  22/25      EV: 19    Int: 30    God:    Cheibriados [****..]
Gold:   478        SH:  0    Dex: 22    Spells: 2/17 levels left

rFire    . . .     SeeInvis .     - Unarmed
rCold    . . .     Gourm    .   (no shield)
rNeg     . . .     Faith    .   (helmet restricted)
rPois    .         Spirit   .   i - amulet of the acrobat
rElec    .         Reflect  .   v - +1 ring of protection
rCorr    .         Harm     .   B - ring of magical power
MR       .....                  (no ring)
Stlth    +++.......             (no ring)
HPRegen  0.19/turn              (no ring)
MPRegen  0.19/turn              (no ring)
                                (no ring)
                                (no ring)

@: very slow
A: almost no armour, stealthy swim, amphibious, 8 rings, constrict 8, camouflage
1, gelatinous body 1
a: Bend Time, Temporal Distortion, Slouch, Renounce Religion


You were on level 9 of the Dungeon.
You worshipped Cheibriados.
Cheibriados was greatly pleased with you.
You were hungry.

You visited 2 branches of the dungeon, and saw 10 of its levels.
You also visited: Sewer.

You collected 478 gold pieces.

Inventory:

Missiles
 a - 276 arrows
 d - 62 bolts
 e - 208 sling bullets
 h - 56 poisoned needles
 k - 231 stones (quivered)
 s - 9 tomahawks
 x - 2 tomahawks of returning
Jewellery
 i - an amulet of the acrobat (around mantle)
 v - a +1 ring of protection (left tentacle)
 B - a ring of magical power (right tentacle)
Wands
 w - a wand of paralysis (10)
 y - a wand of flame (28)
 C - a wand of disintegration (8)
 D - a wand of digging (5)
Scrolls
 f - 6 scrolls of teleportation
 g - 3 scrolls of enchant armour
 l - a scroll of brand weapon {unknown}
 p - a scroll of blinking {unknown}
 r - 2 scrolls of amnesia
 u - a scroll of fog {unknown}
 A - a scroll of enchant weapon {unknown}
Potions
 b - a potion of lignification
 j - 3 potions of curing
 m - a potion of heal wounds {unknown}
 n - 3 potions of might
 o - 2 potions of brilliance {unknown}
 q - a potion of invisibility {unknown}
 t - a potion of mutation {unknown}
 z - a potion of magic {unknown}
Comestibles
 c - 18 rations


   Skills:
 - Level 1.0 Fighting
 + Level 7.1 Dodging
 - Level 10.0 Unarmed Combat
 - Level 4.0 Spellcasting
 - Level 8.0 Transmutations
 - Level 6.7 Invocations


You had 2 spell levels left.
You knew the following spells:

 Your Spells              Type           Power        Failure   Level  Hunger
a - Beastly Appendage     Tmut           ######       1%          1    None
b - Sticks to Snakes      Tmut           ######..     1%          2    None
c - Spider Form           Tmut/Pois      ####......   3%          3    ##.....
d - Blade Hands           Tmut           ######....   7%          5    #####..
e - Ice Form              Ice/Tmut       ####....     12%         4    ####...

Your spell library contained the following spells:

 Spells                   Type           Power        Failure   Level  Hunger
 Magic Dart               Conj           #...         6%          1    None
 Iskenderun's Mystic Bla  Conj           #.......     54%         4    ####...
 Stone Arrow              Conj/Erth      #.....       19%         3    ##.....
 Passwall                 Tmut/Erth      ####....     1%          2    None
 Lee's Rapid Deconstruct  Erth           #.........   87%         5    #####..
 Sandblast                Erth           #.....       6%          1    None
 Petrify                  Tmut/Erth      ####....     12%         4    ####...
 Fulminant Prism          Conj/Hex       #.........   54%         4    ####...
 Dazzling Spray           Conj/Hex       #.....       19%         3    ##.....
 Force Lance              Conj/Tloc      #.......     54%         4    ####...
 Searing Ray              Conj           #.....       10%         2    None


Dungeon Overview and Level Annotations

Branches:
Dungeon (9/15)             Temple (1/1) D:4
   Lair: D:8-11         Orc: D:9-12

Altars:
Ashenzari
Cheibriados
Dithmenos
Elyvilon
Fedhas
Gozag
Hepliaklqana
Kikubaaqudgha
Makhleb
Nemelex Xobeh
Okawaru
Qazlal
Ru
Sif Muna
Trog
Uskayaw
Vehumet
Wu Jian
Xom
Yredelemnul
Zin
The Shining One

Annotations:
D:6 1 exclusion
D:9 Gastronok


Innate Abilities, Weirdness & Mutations

You cannot wear most types of armour.
You are very stealthy in the water. (Stealth+)
You are amphibious.
You can wear up to eight rings at the same time.
You can use your tentacles to constrict eight enemies at once.
Your skin changes colour to match your surroundings (Stealth+).
Your rubbery body absorbs attacks. (AC +1, EV +1)


Message History

You hit Gastronok but do no damage. You slice Gastronok!!
You squeeze Gastronok, but do no damage.
Gastronok is moderately wounded.
Gastronok bites you!
You hit Gastronok. You squeeze Gastronok!
Gastronok is moderately wounded.
Your tentacles revert to their normal proportions.
You tentacle-slap Gastronok but do no damage.
You tentacle-slap Gastronok! You squeeze Gastronok!
Gastronok is heavily wounded.
You bludgeon Gastronok!
Gastronok is heavily wounded.
Gastronok bites you!!!
Ouch! That really hurt!
* * * LOW HITPOINT WARNING * * *
It was a potion of curing.
You feel better.
You feel better.
An orc opens the door.
Gastronok bites you!!!
Ouch! That really hurt!
You die...

#.##.....รท....#
##...............# .
...#.#..........### ..
..#.#..........)..
..o###.#.#.............
.'...#..#..#######...
#......#..# ...
...#...#.....## ..
#.....w@...........
########.#...##...?
...#...# ... ...###...#
. .... ##..# ... #.>#
... #.##


You could see Gastronok and an orc.

Vanquished Creatures
  A two-headed ogre (D:9)
  Joseph (D:7)
  Prince Ribbit (D:7)
  A human (D:7)
  4 hogs (D:7)
  A hungry ghost (D:7)
  Duvessa (D:7)
  An orc warrior (D:8)
  2 ice beasts (D:7)
  3 sky beasts
  9 centaurs
  3 ogres
  2 big kobolds (Sewer)
  Dowan (D:7)
  2 scorpions
  5 wights (D:6)
  A howler monkey (D:7)
  An electric eel (D:7)
  5 crimson imps
  A quasit (D:6)
  8 hounds
  2 jellies (D:4)
  4 orc priests
  A centaur skeleton (D:7)
  9 orc wizards
  2 bullfrog skeletons (D:6)
  5 iguanas
  6 worker ants
  A killer bee zombie (D:6)
  4 gnolls (D:6)
  11 adders
  A river rat (D:3)
  11 oozes
  2 adder skeletons
  9 worms
  7 leopard geckos
  24 orcs
  5 bats
  4 giant cockroaches
  5 goblins
  6 hobgoblins (D:3)
  18 jackals
  A quokka (D:4)
  5 ball pythons
  4 frilled lizards
  19 kobolds
  A leopard gecko skeleton (D:6)
  A quokka zombie (D:5)
  13 rats
235 creatures vanquished.

Vanquished Creatures (collateral kills)
  A hippogriff (D:7)
  An orc (D:7)
2 creatures vanquished.

Vanquished Creatures (others)
  8 toadstools (D:4)
8 creatures vanquished.

Grand Total: 245 creatures vanquished

Notes
Turn   | Place    | Note
-------+----------+-------------------------------------------
     0 | D:1      | MisterFreud the Octopode Transmuter began the quest for the Orb.
     0 | D:1      | Reached XP level 1. HP: 13/13 MP: 3/3
    66 | D:1      | Reached XP level 2. HP: 16/18 MP: 5/5
   263 | D:1      | Reached skill level 4 in Unarmed Combat
   376 | D:1      | Reached XP level 3. HP: 23/23 MP: 6/6
   380 | D:1      | Learned a level 2 spell: Sticks to Snakes
   384 | D:1      | Learned a level 3 spell: Spider Form
  1146 | D:3      | Reached XP level 4. HP: 21/28 MP: 7/7
  1308 | D:3      | Found a glowing drain.
  1320 | D:3      | Reached skill level 5 in Unarmed Combat
  1335 | Sewer    | Entered a sewer
  1362 | Sewer    | Noticed a big kobold
  1372 | Sewer    | Killed a big kobold
  1372 | Sewer    | Reached XP level 5. HP: 10/33 MP: 8/8
  1625 | Sewer    | Reached skill level 6 in Unarmed Combat
  1888 | Sewer    | Noticed a big kobold
  1898 | Sewer    | Killed a big kobold
  1898 | Sewer    | Reached XP level 6. HP: 25/38 MP: 4/10
  2931 | D:4      | Found a stormy altar of Qazlal.
  3005 | D:4      | Reached XP level 7. HP: 31/43 MP: 12/12
  4313 | D:4      | Found a staircase to the Ecumenical Temple.
  4412 | Temple   | Entered the Ecumenical Temple
  4539 | Temple   | Became a worshipper of Cheibriados the Contemplative
  4858 | D:4      | Reached skill level 5 in Transmutations
  4976 | D:5      | Entered Level 5 of the Dungeon
  5528 | D:5      | Reached XP level 8. HP: 21/48 MP: 14/14
  5719 | D:5      | Reached * piety under Cheibriados
  5978 | D:5      | Learned a level 5 spell: Blade Hands
  6193 | D:6      | Reached skill level 7 in Unarmed Combat
  6734 | D:6      | Reached skill level 8 in Unarmed Combat
  6837 | D:6      | Found a shimmering altar of Xom.
  6888 | D:6      | Reached XP level 9. HP: 37/53 MP: 13/15
  7077 | D:6      | Reached ** piety under Cheibriados
  7402 | D:6      | Reached skill level 9 in Unarmed Combat
  8100 | D:7      | Reached *** piety under Cheibriados
  8119 | D:7      | Reached skill level 10 in Unarmed Combat
  8389 | D:7      | Reached skill level 1 in Invocations
  8690 | D:7      | Noticed Duvessa
  8694 | D:7      | Noticed Dowan
  8700 | D:7      | Killed Duvessa
  8704 | D:7      | Killed Dowan
  8927 | D:7      | Reached XP level 10. HP: 42/58 MP: 11/16
  8952 | D:7      | Reached skill level 5 in Invocations
  9088 | D:7      | Noticed Prince Ribbit
  9093 | D:7      | Killed Prince Ribbit
  9198 | D:7      | Noticed Joseph
  9207 | D:7      | Killed Joseph
  9213 | D:7      | Learned a level 4 spell: Ice Form
  9255 | D:7      | Reached **** piety under Cheibriados
  9613 | D:8      | Reached skill level 5 in Dodging
 10438 | D:9      | Noticed a two-headed ogre
 10443 | D:9      | Killed a two-headed ogre
 10480 | D:9      | Noticed Gastronok
 10493 | D:9      | Demolished by Gastronok

Vault maps used:
D:1:      lightli_arrival_statuegarden
D:2:      serial_forest, infiniplex_forest_clump_long,
          infiniplex_forest_straight_3, infiniplex_forest_clump_double,
          infiniplex_forest_straight_5, grunt_ministairs_3, minivault_26,
          minmay_surrounded, uniq_sigmund, uniq_natasha
D:3:      portal_sewer_entry_b
D:4:      cheibrodos_fertilizer, overflow_temple_1_default, temple_hall,
          first_ration
D:5:      grunt_decor_mini_mirrors, minmay_bent
D:6:      basic_altar, fountainhead
D:7:      statuecave_lemuel, grunt_livestock, st_stairs_3,
          hangedman_abyss_or_decor_passed, kennysheep_doodads, uniq_duvessa,
          uniq_joseph, uniq_prince_ribbit1
D:9:      uniq_grum, uniq_gastronok, uniq_psyche
Temple:   nicolae_temple_the_god_donut
Sewer:    sewer_co_15_rooms

Skill      XL: |  1  2  3  4  5  6  7  8  9 10 |
---------------+-------------------------------+-----
Unarmed Combat | 4 5 6 8 10 | 10.0
Transmutations | 3 6 7 8 |  8.0
Spellcasting   | 3 4 |  4.0
Invocations    | 4 6 |  6.7
Dodging        | 7 |  7.1
Fighting       | |  1.0

Action                   |  1- 3 |  4- 6 |  7- 9 | 10-12 || total
-------------------------+-------+-------+-------+-------++-------
Melee: Unarmed           |    79 |   148 |   354 |    81 ||   662
       Constrict         |    21 |    24 |    35 |    19 ||    99
       Tentacles         |     9 |    16 |    41 |    25 ||    91
       Punch             |     4 |     5 |    12 |    12 ||    33
Throw: Stone             |       |       |     1 |       ||     1
 Cast: Spider Form       |     2 |     5 |    22 |     1 ||    30
       Blade Hands       |       |       |     5 |     9 ||    14
       Sticks to Snakes  |       |       |     4 |       ||     4
Evoke: Wand              |       |       |       |     1 ||     1
  Use: Scroll            |     5 |       |     6 |     1 ||    12
       Potion            |       |       |     1 |     2 ||     3
 Stab: Sleeping          |     6 |     3 |     4 |     2 ||    15
       Distracted        |       |       |     1 |       ||     1
  Eat: Chunk             |     1 |     6 |    14 |     5 ||    26
       Ration            |       |       |     1 |       ||     1
Armor: Skin              |     5 |     2 |    15 |     4 ||    26
Dodge: Dodged            |    67 |    84 |   273 |    66 ||   490

Table legend:
 A = Spawn XP
 B = Non-spawn XP
 C = Spawn XP percentage of total XP
 D = Spawn monster count
 E = Non-spawn monster count
 F = Spawn count percentage of total count
 G = Total turns spent on level
                    A         B        C        D         E        F      G
               +---------+---------+-------+---------+---------+-------+---------
         Total |       0 |    8381 |   0.0 |       0 |     237 |   0.0 | 10493
               +---------+---------+-------+---------+---------+-------+---------
           D:1 |       0 |      38 |   0.0 |       0 |      20 |   0.0 |   682
           D:2 |       0 |       5 |   0.0 |       0 |       1 |   0.0 |    29
           D:3 |       0 |     114 |   0.0 |       0 |      41 |   0.0 |  1352
           D:4 |       0 |     586 |   0.0 |       0 |      37 |   0.0 |  1893
           D:5 |       0 |     670 |   0.0 |       0 |      19 |   0.0 |  1174
           D:6 |       0 |    1657 |   0.0 |       0 |      38 |   0.0 |  1884
           D:7 |       0 |    3290 |   0.0 |       0 |      38 |   0.0 |  1532
           D:8 |       0 |     763 |   0.0 |       0 |      17 |   0.0 |   800
           D:9 |       0 |     985 |   0.0 |       0 |       3 |   0.0 |   101
         Sewer |       0 |     273 |   0.0 |       0 |      23 |   0.0 |   906
               +---------+---------+-------+---------+---------+-------+---------
